 Dungeon Crawl Stone Soup version 0.31.0-9-g3a7656b989 (webtiles) character file.

Game seed: 10223459194723522933

145 GordonOverkill the Chopper (level 5, -1/46 HPs)
             Began as a Hill Orc Cinder Acolyte on Feb 1, 2024.
             Was a Priest of Ignis.
             Slain by a gnoll
             ... wielding a +0 club
              (7 damage)
             ... on level 3 of the Dungeon.
             The game lasted 00:03:55 (3336 turns).

GordonOverkill the Chopper (HOCA)                   Turns: 3336, Time: 00:03:55

Health: -1/46      AC: 10    Str: 19    XL:     5   Next: 27%
Magic:  6/6        EV: 11    Int: 14    God:    Ignis [***...]
Gold:   131        SH:  0    Dex:  6    Spells: 6/6 levels left

rFire   + . .        a - -1 hand axe (flame)
rCold   . . .        (no shield)
rNeg    . . .        l - +0 leather armour {rPois}
rPois   +            (no helmet)
rElec   .            (no cloak)
rCorr   .            (no gloves)
SInv    .            (no boots)
Will    .....        (no amulet)
Stlth   +            f - ring of flight
HPRegen 0.27/turn    (no ring)
MPRegen 0.10/turn

%: no passive effects
@: attractive, fiery-armoured, flying, hasted, very quick
A: no striking features
a: Renounce Religion, Fiery Armour, Foxfire Swarm, Rising Flame


You were on level 3 of the Dungeon.
You worshipped Ignis.
Ignis was most pleased with you.
You visited 1 branch of the dungeon, and saw 3 of its levels.

You collected 131 gold pieces.

Inventory:

Hand Weapons
 a - a -1 hand axe of flaming (weapon)
 m - a +2 heavy halberd
 p - a +0 hand axe
Missiles
 b - 2 datura-tipped darts (quivered)
 o - 4 javelins
Armour
 l - a +0 leather armour of poison resistance (worn)
Jewellery
 f - a ring of flight (left hand)
Scrolls
 c - a scroll of acquirement {unknown}
 h - a scroll of teleportation {unknown}
 i - 2 scrolls of enchant armour {unknown}
 k - a scroll of enchant weapon {unknown}
 n - a scroll of identify {unknown}
Potions
 e - a potion of attraction
 g - a potion of mutation {unknown}
 j - a potion of curing {unknown}


   Skills:
 - Level 4.0 Fighting
 + Level 7.5 Axes
 - Level 1.0 Spellcasting
 - Level 3.2 Fire Magic


You had 6 spell levels left.
You didn't know any spells.
Your spell library contained the following spells:

 Spells                   Type           Power      Damage    Failure   Level
 Scorch                   Fire           18%        2d5       12%         2
 Foxfire                  Conj/Fire      20%        2x1d5     16%         1
 Summon Ice Beast         Ice/Summ       0%         N/A       67%         3
 Summon Mana Viper        Hex/Summ       0%         N/A       100%        5
 Plasma Beam              Fire/Air       2%         2x1d12    100%        6
 Starburst                Conj/Fire      2%         6d3       100%        6
 Monstrous Menagerie      Summ           0%         N/A       100%        7


Dungeon Overview and Level Annotations

Branches:
Dungeon (3/15)

Altars:


Message History

Activating: Foxfire Swarm
Press: ? - help, Dir - look around, f - activate Flames leap up around you!
The foxfire hits the gnoll but does no damage.
The gnoll hits you with a +0 spear!
* * * LOW HITPOINT WARNING * * *
The gnoll hits you from afar with a +0 halberd!
* * * LOW HITPOINT WARNING * * *
It was a potion of attraction.
You feel attractive to monsters.
The foxfire hits the gnoll.
The gnoll is severely wounded.
The foxfire hits the gnoll.
The gnoll is lightly wounded.
The foxfire hits the gnoll.
The gnoll is severely wounded.
The foxfire hits the gnoll but does no damage.
The gnoll is lightly wounded.
The foxfire hits the gnoll.
The gnoll is almost dead.
The foxfire hits the gnoll.
The gnoll is moderately wounded.
The foxfire hits the gnoll.
You kill the gnoll!
The foxfire hits the gnoll.
The gnoll is lightly wounded.
The foxfire hits the gnoll.
The gnoll is heavily wounded.
The foxfire hits the gnoll but does no damage.
The gnoll is moderately wounded.
The foxfire hits the gnoll but does no damage.
The gnoll is moderately wounded.
The gnoll hits you with a +0 spear.
* * * LOW HITPOINT WARNING * * *
Unknown command.
A protective cloak of flame settles atop you.
The gnoll closely misses you.
It was a potion of haste.
You feel yourself speed up. The gnoll hits you with a +0 club!
You die...

......#................#
##....#.#..####..##(#..###
.........................#
##..#.#.#..########.######
........##### #.#
............####)##
.#.#.#..........).## #
#........g..$...#
..............g@..<..#
.#....#.#.#.##.####...#
.#....#.#.#.##.# #...#
......#.#.#.##.# #...#
..........g..g.# #...#
........#.#.##.# #...#
...............####...#
.......g..............#
###.....#.............##


You could see 2 gnolls.

Vanquished Creatures
  An orc priest (D:3)
  2 gnolls
  2 adders (D:2)
  3 dart slugs (D:2)
  3 orcs (D:2)
  4 bats
  6 endoplasms
  3 giant cockroaches
  5 goblins
  4 hobgoblins
  4 jackals
  7 kobolds
  3 quokkas
  6 ball pythons
  6 frilled lizards
  6 rats
65 creatures vanquished.

Vanquished Creatures (others)
  An orc (D:3)
  A rat (D:3)
  44 foxfires
46 creatures vanquished.

Grand Total: 111 creatures vanquished

Notes
Turn   | Place    | Note
-------+----------+-------------------------------------------
     0 | D:1      | GordonOverkill the Hill Orc Cinder Acolyte began the quest
                  | for the Orb.
     0 | D:1      | Reached XP level 1. HP: 19/19 MP: 2/2
   116 | D:1      | Reached XP level 2. HP: 22/27 MP: 3/3
   429 | D:1      | Reached skill level 5 in Axes
   700 | D:1      | Reached XP level 3. HP: 32/33 MP: 4/4
  1239 | D:2      | Reached skill level 6 in Axes
  1239 | D:2      | Reached XP level 4. HP: 21/40 MP: 5/5
  2727 | D:3      | Reached skill level 7 in Axes
  2727 | D:3      | Reached XP level 5. HP: 28/46 MP: 6/6
  3336 | D:3      | Slain by a gnoll

Illustrated notes

Levels and vault maps discovered:
D:1:      psy_arrival_dodecagon, layout_basic
D:2:      minmay_diamond_boxcup, layout_basic, guppyfry_early_lair_pool
D:3:      layout_basic, mainiacjoe_overflow_chevrons

Skill      XL: |  1  2  3  4 |
---------------+-------------+-----
Fighting       | 4 |  4.0
Axes           | 5 6 7 |  7.5
Spellcasting   | |  1.0
Fire Magic     | |  3.2

Action                     |  1- 3 |  4- 6 || total
---------------------------+-------+-------++-------
  Melee: Hand axe          |    92 |    78 ||   170
  Throw: Dart              |       |     3 ||     3
 Invoke: Foxfire Swarm     |     2 |     2 ||     4
         Fiery Armour      |       |     1 ||     1
    Use: Potion            |       |     2 ||     2
 Armour: Robe              |    31 |       ||    31
         Leather armour    |    27 |    63 ||    90
  Dodge: Dodged            |    63 |    62 ||   125
